 Dungeon Crawl Stone Soup version 0.29-a0-559-g359e09b (webtiles) character file.

Game seed: 18308071790331133584

772 Illumine the Cudgeller (level 8, -5/67 (69) HPs)
             Began as a Meteoran Cinder Acolyte on June 9, 2022.
             Was a High Priest of Ignis.
             Slain by a wight
             ... wielding a +3 flail
              (13 damage)
             ... on level 8 of the Dungeon.
             The game lasted 00:08:33 (1164 turns).

Illumine the Cudgeller (Meteoran Cinder Acolyte)    Turns: 1164, Time: 00:08:34

HP:   -5/67 (69)    AC:  4    Str: 16    XL:     8   Next: 31%
MP:   16/16         EV: 16    Int: 18    God:    Ignis [*****.]
Gold: 92            SH:  0    Dex:  9    Spells: 14/16 levels left

rFire   + . .      SeeInvis .   a - -1 mace (flame)
rCold   . . .      Faith    .   (no shield)
rNeg    . . .      Spirit   .   b - +0 robe
rPois   +          Reflect  .   (no helmet)
rElec   .          Harm     .   t - +0 cloak
rCorr   .          Rampage  .   r - +0 pair of gloves
Will    +....                   (no boots)
Stlth   ..........              q - amulet of magic regeneration
HPRegen 0.21/turn               d - ring of poison resistance
MPRegen 0.55/turn               m - +4 ring of evasion

@: lethally poisoned (-5 -> -11), silenced (expiring), glowing, lightly drained
A: sense surroundings 1, otherworldly, glowing, explore regen
a: Renounce Religion


You were on level 8 of the Dungeon.
You worshipped Ignis.
Ignis was extremely pleased with you.
You visited 1 branch of the dungeon, and saw 8 of its levels.
You also visited: Ossuary.

You collected 190 gold pieces.
You spent 98 gold pieces at shops.

Inventory:

Hand Weapons
 a - a -1 mace of flaming (weapon)
Missiles
 c - 116 stones (quivered)
 f - 6 poisoned darts
 l - 6 atropa-tipped darts
Armour
 b - a +0 robe (worn)
 r - a +0 pair of gloves (worn)
 t - a +0 cloak (worn)
Jewellery
 d - a ring of poison resistance (left hand)
 m - a +4 ring of evasion (right hand)
 q - an amulet of magic regeneration (around neck)
Scrolls
 g - 4 scrolls of immolation
 n - 2 scrolls of vulnerability
 s - a scroll of enchant weapon {unknown}
Potions
 e - a potion of curing
 i - a potion of brilliance
 j - 2 potions of haste
 k - 2 potions of resistance {unknown}
 o - 2 potions of lignification {unknown}


   Skills:
 + Level 5.4 Fighting
 + Level 6.6 Maces & Flails
 + Level 2.5 Dodging
 + Level 4.9 Spellcasting
 + Level 6.0 Fire Magic


You had 14 spell levels left.
You knew the following spells:

 Your Spells              Type           Power      Damage    Failure   Level
a - Scorch                Fire           52%        2d7       1%          2

Your spell library contained the following spells:

 Spells                   Type           Power      Damage    Failure   Level
 Apportation              Tloc           8%         N/A       14%         1
 Necrotize                Necr           16%        1d4       14%         1
 Summon Small Mammal      Summ           16%        N/A       14%         1
 Sublimation of Blood     Necr           4%         N/A       21%         2
 Wereblood                Tmut           4%         N/A       21%         2
 Summon Hydra             Summ           2%         N/A       100%        7


Dungeon Overview and Level Annotations

Branches:
Dungeon (8/15)            Ossuary (visited)
 Temple: D:4-7         Lair: D:8-11

Altars:
Ru
Uskayaw

Shops:
D:5 *[[   D:6 [(   D:7 *

Annotations:
D:5 Edmund


Innate Abilities, Weirdness & Mutations

You passively map a small area around you.
You are easily found by Zot.
You glow in the dark.
You regain HP and MP as you explore.


Message History

You hit the water moccasin but do no damage.
The water moccasin is moderately wounded.
The water moccasin bites you. The wight hits you with a +3 flail!
* * * LOW HITPOINT WARNING * * *
The water moccasin bites you but does no damage.
You hit the water moccasin but do no damage.
The water moccasin is moderately wounded.
The wight misses you. The water moccasin closely misses you.
You hit the water moccasin but do no damage.
The water moccasin is moderately wounded.
The water moccasin bites you.
* * * LOW HITPOINT WARNING * * *
The wight barely misses you. The water moccasin bites you.
* * * LOW HITPOINT WARNING * * *
You feel much better. The wight barely misses you.
The water moccasin misses you.
You miss the water moccasin.
The water moccasin is moderately wounded.
The water moccasin completely misses you.
The wight closely misses you.
You barely miss the water moccasin.
The water moccasin is moderately wounded.
The water moccasin bites you but does no damage.
The wight hits you with a +3 flail.
You feel drained. The water moccasin bites you.
You are poisoned.
The water moccasin poisons you!
You closely miss the water moccasin.
The water moccasin is moderately wounded.
You feel very sick. The wight closely misses you.
The water moccasin misses you.
Unknown command.
You closely miss the water moccasin.
The water moccasin is moderately wounded.
You feel sick. The water moccasin bites you!
* * * LOW HITPOINT WARNING * * *
The wight barely misses you. The water moccasin bites you.
* * * LOW HITPOINT WARNING * * *
The wight hits you with a +3 flail!
You die...

, , .....# ,
* * ..$.# *
, , ....# ,
.#.# , , *,
##..# ,<, ,
###...#* **
#...z.#*,
,*#[@#,, *
+*#S.#, ,
....#,, ,
......#, ,
*#####..#,,,
* , #..#,,
,, , ...# *
* * , ....
,, * , , *,
_


You could see a water moccasin and a wight.

Vanquished Creatures
  A water moccasin (D:6)
  An ice beast (D:5)
  A black bear (D:6)
  A centaur (D:7)
  A phantom (D:4)
  A scorpion (D:6)
  A jelly (D:4)
  A hound (D:6)
  Natasha (twice) (D:3)
  2 orc wizards
  4 adders
  3 worms
  5 dart slugs
  6 orcs
  2 bats
  An endoplasm (D:1)
  A giant cockroach (D:1)
  2 goblins
  A hobgoblin (D:3)
  6 jackals (D:2)
  5 kobolds
  2 quokkas
  3 ball pythons
  6 frilled lizards
  4 rats
63 creatures vanquished.

Vanquished Creatures (others)
  5 fungi (D:3)
  39 plants (D:7)
44 creatures vanquished.

Grand Total: 107 creatures vanquished

Notes
Turn   | Place    | Note
-------+----------+-------------------------------------------
     0 | D:1      | Illumine the Meteoran Cinder Acolyte began the quest for
                  | the Orb.
     0 | D:1      | Reached XP level 1. HP: 19/19 MP: 3/3
    85 | D:1      | Reached XP level 2. HP: 19/26 MP: 5/5
    88 | D:1      | Learned a level 2 spell: Scorch
   158 | D:2      | Reached XP level 3. HP: 29/31 MP: 6/6
   164 | D:2      | Found a faded altar of an unknown god.
   310 | D:2      | Reached XP level 4. HP: 35/40 MP: 3/8
   423 | D:3      | Noticed Natasha
   439 | D:3      | Killed Natasha
   440 | D:3      | Reached XP level 5. HP: 23/46 MP: 1/10
   470 | D:3      | Noticed Natasha
   476 | D:3      | Killed Natasha
   477 | D:3      | Reached skill level 5 in Maces & Flails
   566 | D:4      | Noticed a phantom
   571 | D:4      | Killed a phantom
   572 | D:4      | Reached XP level 6. HP: 53/53 MP: 5/12
   619 | D:4      | Reached skill level 5 in Fire Magic
   717 | D:4      | Found a sacrificial altar of Ru.
   741 | D:5      | Entered Level 5 of the Dungeon
   741 | D:5      | Found Gigat's Armour Shop.
   744 | D:5      | Found Amotu's General Store.
   752 | D:5      | Bought a potion of heal wounds for 70 gold pieces
   752 | D:5      | Bought a scroll of identify for 28 gold pieces
   813 | D:5      | Noticed an ice beast
   818 | D:5      | Killed an ice beast
   819 | D:5      | Reached XP level 7. HP: 60/60 MP: 8/14
   842 | D:5      | Found Voexidumm's Armour Shop.
   843 | D:5      | Noticed Edmund
   853 | D:6      | Found a hide-covered altar of Uskayaw.
   872 | D:6      | Found Loxobis's Weapon Emporium.
   882 | D:6      | Reached skill level 5 in Fighting
   882 | D:6      | Reached skill level 1 in Dodging
   886 | D:6      | Found Yxeiwuic's Armour Shoppe.
   922 | D:6      | Noticed a water moccasin
   936 | D:6      | Killed a water moccasin
   937 | D:6      | Reached XP level 8. HP: 63/68 MP: 8/16
   953 | D:7      | Found Gvurino's Goods Gallery.
   956 | D:7      | Found a sand-covered staircase.
   992 | Ossuary  | Entered an ossuary
  1164 | D:8      | Slain by a wight

Illustrated notes

Levels and vault maps discovered:
D:1:      minmay_arrival_plants_in_alcoves, layout_basic,
          chequers_serial_rivers_small_3, palyth_stone_intersect
D:2:      layout_rooms, chequers_ecumenical_altar_simple_redux,
          item_on_display_a
D:3:      layout_rooms, mainiacjoe_overflow_cross_hatched, uniq_natasha
D:4:      layout_loops_ring, makhleb_heckhound_becter,
          mainiacjoe_overflow_small_starburst
D:5:      layout_loops_ring, kennysheep_mini_moat, serial_shops, shop, shop,
          shop, nicolae_shop_temple_entry_statues_fountains, nicolae_shop_stone,
          uniq_pikel, uniq_duvessa, uniq_grinder, uniq_edmund
D:6:      minmay_diamond_boxcup, layout_cave_pools, nicolae_uskayaw_dance_hall,
          minmay_temple_entry_overgrown, gammafunk_ghost_split, serial_shops,
          nicolae_shop_crystal, nicolae_shop_bloodbath_and_beyond, shop_coins,
          shop, shop, uniq_eustachio, uniq_menkaure
D:7:      layout_basic, lightli_ossuary_entry_decrepit_ruins, serial_shops,
          nicolae_shop_hallway_plus, nicolae_shop_crystal, nicolae_shop_crystal,
          serial_bayou, serial_bayou_pond_b, serial_bayou_shore_b,
          serial_bayou_pond_d, serial_bayou_pond_a, nicolae_alphabet_shops,
          serial_bayou_lagoon_a
D:8:      layout_gridville, mainiacjoe_overflow_alcove_2,
          grunt_temple_overflow_bloody_war, jmf_multi_god_temple2,
          amcnicky_mini_corridor_feature, minivault_21, minmay_manual_moon,
          uniq_maggie

Skill      XL: |  1  2  3  4  5  6  7  8 |
---------------+-------------------------+-----
Spellcasting   | 2 3 4 |  4.9
Fire Magic     | 4 5 6 |  6.0
Fighting       | 4 5 |  5.4
Maces & Flails | 5 6 |  6.6
Dodging        | 2 |  2.5

Action                   |  1- 3 |  4- 6 |  7- 9 || total
-------------------------+-------+-------+-------++-------
Melee: Mace              |    47 |    40 |    18 ||   105
 Cast: Scorch            |    10 |    29 |    30 ||    69
  Use: Scroll            |       |     5 |     1 ||     6
       Potion            |       |       |     2 ||     2
Armor: Robe              |    24 |     8 |     7 ||    39
Dodge: Dodged            |    22 |    29 |    42 ||    93

Table legend: (Time is in decaauts)
 A = Elapsed time spent in this place.
 B = Non-inter-level travel time spent in this place.
 C = Inter-level travel time spent in this place.
 D = Time resting spent in this place.
 E = Time spent auto-exploring this place.
 F = Levels seen in this place.
 G = Mean time per level.
                   A        B        C        D        E       F      G
               +--------+--------+--------+--------+--------+-----+--------+
         Total |   1183 |   1166 |     17 |      0 |    139 |   9 |  131.4 |
       Dungeon |   1166 |   1149 |     17 |      0 |    139 |   8 |  145.8 |
       Ossuary |     17 |     17 |      0 |      0 |      0 |   1 |   17.0 |
               +--------+--------+--------+--------+--------+-----+--------+

Top non-repeatable levels by time:
     D:2: 281 daAuts
     D:4: 235 daAuts
     D:7: 181 daAuts
     D:1: 127 daAuts
     D:3: 117 daAuts
     D:5: 111 daAuts
     D:6: 100 daAuts
 Ossuary: 17 daAuts
     D:8: 11 daAuts
